 Dungeon Crawl Stone Soup version 0.26-a0-36-g11e0b32562 (webtiles) character file.

Game seed: 5844384368838396272, levelgen mode: deterministic

544176 Maedhros the Convoker (level 25, -5/222 HPs)
             Began as an Octopode Artificer on May 29, 2020.
             Was the Champion of Cheibriados.
             Killed from afar by a hellion (13 damage)
             ... with damnation
             ... in the Vestibule of Hell on May 30, 2020.
             The game lasted 02:08:44 (19082 turns).

Maedhros the Convoker (Octopode Artificer)         Turns: 19082, Time: 02:08:53

Health: -5/222     AC: 30    Str: 32    XL:     25   Next: 43%
Magic:  37/41      EV: 34    Int: 34    God:    Cheibriados [******]
Gold:   931        SH: 23    Dex: 41    Spells: 2/53 levels left

rFire    + + +     SeeInvis +     - Unarmed
rCold    + + .     Gourm    .   R - +5 kite shield
rNeg     + + +     Faith    .   (helmet restricted)
rPois    ∞         Spirit   .   i - amulet of regeneration
rElec    +         Reflect  .   j - +4 ring of evasion
rCorr    .         Harm     .   H - ring "Uthududo" {rPois rF+++ rC++ Int-4 Stlth+}
MR       +++++                  I - ring of Ydoiv {rPois rN+ MR+ Int+2}
Stlth    ++++++++..             K - ring "Wies" {rElec MR+ Int+2 Dex+6 Stlth+}
HPRegen  0.87/turn              N - ring of see invisible
MPRegen  0.27/turn              T - ring "Cadefi" {rN+ Slay+3 Stlth+}
                                c - ring "Teef" {*Slow rN+ MR++ Str+5}
                                M - ring "Geunosmien" {rN+ Slay+2}

@: statue-form, slowed, very slow
A: almost no armour, stealthy swim, amphibious, 8 rings, constrict 8, tentacle
spike 1, camouflage 1, clever 1, magic resistance 1, no potion heal 1,
MP-powered wands
}: 4/15 runes: serpentine, barnacled, silver, bone
a: End Transformation, Bend Time, Temporal Distortion, Slouch, Step From Time,
Renounce Religion


You were in the Vestibule of Hell.
You worshipped Cheibriados.
Cheibriados was exalted by your worship.
You were very hungry.
You were a stone statue.
You visited 12 branches of the dungeon, and saw 51 of its levels.
You also visited: Gauntlet and Volcano.

You collected 5123 gold pieces.
You spent 4192 gold pieces at shops.

Inventory:

Hand Weapons
 J - the +9 hunting sling "Ommy" {freeze, rElec rPois rF+ MR++}
   (You found it on level 11 of the Dungeon)

   It causes projectiles fired from it to freeze those they strike, causing
   extra injury to most foes and up to half again as much damage against
   particularly susceptible opponents.
   They can also slow down cold-blooded creatures.
   It protects you from fire.
   It insulates you from electricity.
   It protects you from poison.
   It affects your resistance to hostile enchantments.
Missiles
 u - 24 javelins
 w - 19 curare-tipped darts (quivered)
 D - 8 boomerangs of dispersal
 G - 19 silver javelins
Armour
 R - a +5 kite shield (worn)
Magical Staves
 x - an uncursed staff of wizardry
Jewellery
 c - the ring "Teef" (on tentacle) {*Slow rN+ MR++ Str+5}
   (You took it off an ironbrand convoker on level 5 of the Vaults)

   [ring of positive energy]

   It affects your strength (+5).
   It protects you from negative energy.
   It affects your resistance to hostile enchantments.
   It may slow you when you take damage.
 i - an amulet of regeneration (around mantle)
 j - a +4 ring of evasion (left tentacle)
 r - an uncursed ring of ice
 t - an uncursed ring of resist corrosion
 H - the ring "Uthududo" (right tentacle) {rPois rF+++ rC++ Int-4 Stlth+}
   (You found it in a Gauntlet)

   [ring of poison resistance]

   It affects your intelligence (-4).
   It renders you almost immune to fire.
   It greatly protects you from cold.
   It protects you from poison.
   It makes you more stealthy.
 I - the ring of Ydoiv (on tentacle) {rPois rN+ MR+ Int+2}
   (You found it in a Gauntlet)

   [ring of protection from magic]

   It affects your intelligence (+2).
   It protects you from poison.
   It protects you from negative energy.
   It affects your resistance to hostile enchantments.
 K - the ring "Wies" (on tentacle) {rElec MR+ Int+2 Dex+6 Stlth+}
   (You found it in a Gauntlet)

   [ring of dexterity]

   It affects your intelligence (+2).
   It affects your dexterity (+6).
   It insulates you from electricity.
   It affects your resistance to hostile enchantments.
   It makes you more stealthy.
 M - the ring "Geunosmien" (on tentacle) {rN+ Slay+2}
   (You found it on level 3 of the Crypt)

   [ring of positive energy]

   It affects your accuracy and damage with ranged weapons and melee attacks
   (+2).
   It protects you from negative energy.
 N - a ring of see invisible (on tentacle)
 O - a +6 ring of intelligence
 P - a +4 ring of protection
 T - the ring "Cadefi" (on tentacle) {rN+ Slay+3 Stlth+}
   (You found it on level 3 of the Crypt)

   [ring of positive energy]

   It affects your accuracy and damage with ranged weapons and melee attacks
   (+3).
   It protects you from negative energy.
   It makes you more stealthy.
Wands
 l - a wand of clouds (6)
 L - a wand of iceblast (9)
 S - a wand of acid (22)
Scrolls
 a - 3 scrolls of immolation
 h - 3 scrolls of magic mapping
 k - 12 scrolls of teleportation
 p - 3 scrolls of vulnerability
 q - 4 scrolls of enchant armour
 s - 6 scrolls of identify
 v - 2 scrolls of fog
 y - 2 scrolls of torment
 A - 8 scrolls of fear
 C - 2 scrolls of summoning
 W - 6 scrolls of blinking
 Y - a scroll of silence
Potions
 b - 4 potions of magic
 g - 4 potions of might
 m - 12 potions of curing
 n - 7 potions of heal wounds
 z - a potion of invisibility
 B - 5 potions of cancellation
 F - a potion of mutation
 Q - 3 potions of ambrosia
 U - 6 potions of brilliance
 V - a potion of resistance
 X - 2 potions of lignification
 Z - 3 potions of flight
Miscellaneous
 d - a box of beasts
 e - a phial of floods
 o - 3 phantom mirrors
 E - a tin of tremorstones (3/3)
Comestibles
 f - 20 rations


   Skills:
 + Level 13.7 Fighting
   Level 1.0 Short Blades
 + Level 12.3 Dodging
 - Level 4.0 Stealth
 - Level 15.0 Shields
 + Level 15.2 Unarmed Combat
 * Level 14.8 Spellcasting
 + Level 19.7 Summonings
 + Level 14.7 Translocations
 - Level 13.0 Transmutations
 - Level 13.0 Earth Magic
 - Level 7.0 Invocations
 - Level 3.2 Evocations


You had 2 spell levels left.
You knew the following spells:

 Your Spells              Type           Power        Failure   Level  Hunger
a - Controlled Blink      Tloc           N/A          26%         8    ######.
b - Statue Form           Tmut/Erth      #######..    1%          6    ##.....
c - Irradiate             Conj/Tmut      ######....   3%          5    None
d - Malign Gateway        Summ/Tloc      #######...   1%          7    ####...
e - Monstrous Menagerie   Summ           ########..   1%          7    ####...
f - Apportation           Tloc           ######       0%          1    None
g - Darkness              Hex            ####......   94%         6    ##.....
h - Lesser Beckoning      Tloc           #######...   0%          3    None
i - Summon Lightning Spi  Summ/Air       #######.     1%          4    None
j - Leda's Liquefaction   Hex/Erth       ######....   1%          4    None

Your spell library contained the following spells:

 Spells                   Type           Power        Failure   Level  Hunger
 Sandblast                Erth           ######       0%          1    None
 Summon Butterflies       Summ           ########     0%          1    None
 Summon Small Mammal      Summ           ####         0%          1    None
 Call Imp                 Summ           ########     0%          2    None
 Passwall                 Tmut/Erth      #######.     0%          2    None
 Animate Skeleton         Necr           N/A          1%          1    None
 Corona                   Hex            ####...      1%          1    None
 Infusion                 Chrm           ####         1%          1    None
 Pain                     Necr           ####         1%          1    None
 Sting                    Tmut/Pois      ####         1%          1    None
 Shroud of Golubria       Chrm/Tloc      ######       1%          2    None
 Corpse Rot               Necr/Air       N/A          2%          2    None
 Ensorcelled Hibernation  Hex/Ice        ####..       2%          2    None
 Poisonous Vapours        Pois/Air       ####..       2%          2    None
 Slow                     Hex            ####....     2%          2    None
 Song of Slaying          Chrm           ####....     2%          2    None
 Call Canine Familiar     Summ           ########     0%          3    None
 Gell's Gravitas          Tloc           #######...   0%          3    None
 Recall                   Summ/Tloc      N/A          0%          3    None
 Ignite Poison            Fire/Tmut/Pois ######..     1%          3    None
 Portal Projectile        Hex/Tloc       ######       1%          3    None
 Stone Arrow              Conj/Erth      ######       1%          3    None
 Summon Guardian Golem    Hex/Summ       #######.     1%          3    None
 Ice Form                 Ice/Tmut       ######..     1%          4    None
 Petrify                  Tmut/Erth      #######.     1%          4    None
 Summon Ice Beast         Ice/Summ       #######.     1%          4    None
 Lee's Rapid Deconstruct  Erth           #######...   1%          5    None
 Summon Forest            Summ/Tloc      #######...   1%          5    None
 Summon Mana Viper        Hex/Summ       #######.     1%          5    None
 Dispersal                Tloc           #######...   1%          6    ##.....
 Hydra Form               Tmut           #######...   1%          6    ##.....
 Shadow Creatures         Summ           N/A          1%          6    ##.....
 Summon Greater Demon     Summ           ########..   1%          7    ####...
 Summon Hydra             Summ           ########..   1%          7    ####...
 Alistair's Intoxication  Tmut/Pois      ######..     3%          5    None
 Borgnjor's Vile Clutch   Necr/Erth      ######....   3%          5    None
 Yara's Violent Unravell  Hex/Tmut       ######....   3%          5    None
 Summon Horrible Things   Summ           ########..   3%          8    ######.
 Confusing Touch          Hex            ####....     4%          3    None
 Dazzling Flash           Conj/Hex       ####..       4%          3    None
 Inner Flame              Hex/Fire       ####....     4%          3    None
 Mephitic Cloud           Conj/Pois/Air  ####....     4%          3    None
 Ozocubu's Armour         Chrm/Ice       ####....     4%          3    None
 Spectral Weapon          Hex/Chrm       ####....     4%          3    None
 Static Discharge         Conj/Air       ####....     4%          3    None
 Tukima's Dance           Hex            ####....     4%          3    None
 Vampiric Draining        Necr           ####......   4%          3    None
 Dragon Form              Tmut           #######...   7%          7    ####...
 Airstrike                Air            ####......   16%         4    None
 Animate Dead             Necr           N/A          16%         4    None
 Cause Fear               Hex            ####......   16%         4    None
 Olgreb's Toxic Radiance  Pois           ####....     16%         4    None
 Eringya's Noxious Bog    Tmut/Pois      ######....   17%         6    ##.....
 Disjunction              Tloc           #######...   26%         8    ######.
 Agony                    Necr           ####....     41%         5    None
 Lightning Bolt           Conj/Air       ####......   41%         5    None
 Metabolic Englaciation   Hex/Ice        ####......   41%         5    None
 Silence                  Hex/Air        ####......   41%         5    None
 Death Channel            Necr           ####......   94%         6    ##.....
 Freezing Cloud           Conj/Ice/Air   ####......   94%         6    ##.....
 Invisibility             Hex            ####....     94%         6    ##.....
 Ozocubu's Refrigeration  Ice            ####......   94%         6    ##.....
 Simulacrum               Ice/Necr       ####......   94%         6    ##.....
 Discord                  Hex            ####......   100%        8    ######.
 Ignition                 Fire           ####......   100%        8    ######.
 Shatter                  Erth           #######...   100%        9    #######
 Tornado                  Air            ####......   100%        9    #######


Dungeon Overview and Level Annotations

Branches:
Dungeon (15/15)            Temple (1/1) D:6            Lair (6/6) D:10
 Shoals (4/4) Lair:3        Snake (4/4) Lair:2          Orc (2/2) D:10
 Vaults (5/5) D:14          Crypt (3/3) Vaults:3       Tomb (1/3) Crypt:3
 Depths (2/5) D:15           Hell (1/1)                 Geh (0/7) Hell
    Tar (7/7) Hell        Volcano (visited)         Gauntlet (visited)
  Slime: Lair:5-6       Elf: Orc:2          Dis: Hell:1         Coc: Hell:1

Altars:
Ashenzari
Cheibriados
Dithmenos
Elyvilon
Fedhas
Gozag
Hepliaklqana
Kikubaaqudgha
Makhleb
Nemelex Xobeh
Qazlal
Ru
Trog
Uskayaw
Vehumet
Wu Jian
Xom
Yredelemnul
Zin
The Shining One
Beogh

Shops:
D:6 =   D:15 (   Orc:2 !?[:   Snake:1 [   Vaults:1 }   Depths:2 :

Portals:
Hell: Depths:2

Annotations:
D:3 3 runed translucent doors, Supaplex's ghost, amateur HuWn; fritzmikael's ghost, amateur DDAr; iamserjio's ghost, amateur OpCK
D:12 Azrael
Shoals:1 Roxanne
Shoals:3 Ilsuiw


Innate Abilities, Weirdness & Mutations

You cannot wear most types of armour.
You are very stealthy in the water. (Stealth+)
You are amphibious.
You can wear up to eight rings at the same time.
You can use your tentacles to constrict eight enemies at once.
Your skin changes colour to match your surroundings (Stealth+).
((Your rubbery body absorbs attacks. (AC +1, EV +1)))
One of your tentacles bears a spike.
((You are partially covered in iridescent scales. (AC +2)))
Your mind is acute. (Int +2)
You are resistant to hostile enchantments. (MR+)
Potions are less effective at restoring your health.
You expend magic power (3 MP) to strengthen your wands.


Message History

Unknown command.
Unknown command.
Unknown command.
Unknown command.
Unknown command.
Unknown command.
Unknown command.
Your system partially rejects the healing.
You feel much better. The hellion gestures at you.
The sphere of damnation explodes!
The damnation engulfs you!!
* * * LOW HITPOINT WARNING * * *
The damnation engulfs the hellion.
The hellion completely resists.
A necromancer comes into view. It is wielding a +0 dagger.
You block the hellion's attack.
The necromancer casts a spell.
The necromancer binds the souls of nearby monsters.
The hellion gestures at you.
The sphere of damnation explodes!
The damnation engulfs you!
You die...

##+..##≈≈## ##. ##p
#.....#≈..####.. #..
#.....#.§≈§##... #..
#.....'.§≈§....# #.Z
#.....'..§≈...#. #.3
#.....'.§≈≈....# #..
#.....#.≈≈.##...
##2##..)..#≈..####.}
#..8##'..##≈≈## ##.
#.....####≈≈## ##
#^.....#§≈≈## #
##.....#§≈#
#....##§# ##..##E#
####E# # #


You could see a necromancer, a smoke demon, a hellion and an anaconda skeleton.

Vanquished Creatures
  Ereshkigal (Tar:7)
  An ancient lich (Crypt:3)
  Frederick (Tomb:1)
  Saint Roka (Snake:2)
  Xtahua (Vaults:4)
  A golden dragon (Vaults:5)
  20 Tzitzimimeh
  4 bone dragons
  8 doom hounds
  5 liches
  2 tentacled monstrosities (Vaults:5)
  A hellephant (Hell)
  2 titans (Vaults:5)
  An eldritch tentacle (Tar:6)
  3 ancient champions
  Frances (D:14)
  15 sphinxes
  4 tengu reavers (Vaults:5)
  11 nagarajas
  7 shadow dragons
  4 storm dragons
  4 revenants
  3 fire giants
  2 frost giants
  10 vault wardens
  An iron dragon (Vaults:5)
  A balrug (Hell)
  An orc warlord (Vaults:2)
  A deep elf sorcerer (Vaults:1)
  Aizul (Shoals:3)
  A ghoul (Crypt:1)
  A curse skull (Crypt:3)
  15 very ugly things
  5 war gargoyles
  7 ironheart preservers
  22 reapers
  2 deep elf elementalists (Vaults:5)
  A small abomination (Vaults:5)
  An entropy weaver (Vaults:5)
  2 bennus (Tomb:1)
  10 stone giants
  7 vampire knights
  2 deep elf annihilators (Vaults:5)
  A lorocyproca (Hell)
  A dire elephant (D:15)
  A minotaur (Gauntlet)
  3 deep elf death magi
  5 ettins
  A green death (Gauntlet)
  4 crystal guardians (Depths:1)
  8 jiangshi
  A merfolk javelineer (Shoals:3)
  A deep elf high priest (Vaults:5)
  10 yaktaur captains
  5 fire dragons
  6 mummy priests (Tomb:1)
  4 great orbs of eyes
  33 vault guards
  Fannar (D:10)
  8 merfolk impalers
  Harold (Orc:1)
  Erolcha (Orc:2)
  6 hydras
  4 quicksilver dragon skeletons
  A spriggan air mage (Depths:1)
  13 naga warriors
  An alligator snapping turtle (Shoals:2)
  A ghost crab (Tar:7)
  5 centaur warriors
  Erica (D:10)
  18 anacondas
  2 anacondas (shapeshifter)
  A satyr (Shoals:3)
  A death knight (Crypt:1)
  6 ogre magi
  21 two-headed ogres
  A merfolk avatar (Shoals:4)
  4 tengu warriors
  3 merfolk aquamancers
  A dancing weapon (Vaults:5)
  A deep troll shaman (Vaults:3)
  5 hell hogs (Hell)
  3 orc high priests
  4 vampire magi
  6 shock serpents
  Urug (D:10)
  9 naga sharpshooters
  5 death scarabs (Tomb:1)
  A deep troll earth mage (Vaults:5)
  7 soul eaters
  4 deep elf knights
  A titan zombie (Crypt:1)
  Nergalle (Lair:2)
  Sonja (D:13)
  3 sun demons (Hell)
  2 salamander mystics
  26 hell knights
  3 titan skeletons
  42 skeletal warriors
  A ghost moth zombie (Tar:5)
  A storm dragon skeleton (Tar:5)
  17 shadow demons
  2 wizards
  10 sea snakes
  16 deep trolls
  6 naga ritualists
  2 deep elf archers
  2 unseen horrors
  A golden dragon skeleton (Tar:4)
  5 flayed ghosts
  A glowing orange brain (Depths:1)
  An orange crystal statue (Depths:1)
  3 lindwurms
  A wolf spider zombie (Crypt:1)
  15 ironbrand convokers
  13 orc knights
  12 harpies
  4 necromancers
  5 mana vipers
  A faun (shapeshifter) (Vaults:2)
  2 iron dragon zombies
  2 sphinx zombies (Crypt:1)
  14 phantasmal warriors
  2 fire giant zombies (Tar:5)
  10 orc sorcerers
  15 ugly things
  7 salamanders
  10 manticores
  4 deep elf magi
  4 fauns (Shoals:3)
  2 frost giant zombies
  2 wolf spiders
  2 stone giant skeletons
  2 shadow dragon skeletons
  Joseph (D:10)
  An iron dragon skeleton (Tar:7)
  4 cyclopes
  2 black mambas (shapeshifter)
  A water nymph (Shoals:3)
  31 black mambas
  3 rust devils (Hell)
  3 smoke demons (Crypt:3)
  2 fire giant skeletons
  12 guardian serpents
  5 molten gargoyles
  2 shock serpent zombies
  18 naga magi
  Maggie (D:6)
  11 spiny frogs
  8 elephants
  A guardian serpent (shapeshifter) (Vaults:5)
  3 merfolk sirens
  6 vault sentinels
  2 centaur skeletons
  2 orange demons (Gauntlet)
  2 spectral swamp worms (Tar:7)
  7 hellions
  A rime drake (Lair:4)
  33 yaktaurs
  A dire elephant skeleton (Crypt:3)
  14 komodo dragons
  A catoblepas zombie (Tar:7)
  A rime drake (shapeshifter) (Vaults:4)
  8 freezing wraiths
  7 guardian mummies (Tomb:1)
  6 tormentors
  5 ice devils
  A kobold demonologist (D:14)
  A redback zombie (D:14)
  2 efreet (Volcano)
  A catoblepas skeleton (Tar:5)
  3 red devils (Hell)
  A demonic crawler (Hell)
  A golden dragon simulacrum (Crypt:1)
  3 meliai (D:12)
  2 silent spectres
  2 hornets (shapeshifter)
  A wind drake (Shoals:4)
  5 hornets
  23 merfolk
  8 trolls
  A polar bear (Lair:6)
  13 slime creatures
  Blork the orc (D:4)
  2 wind drakes (shapeshifter)
  A shadow dragon simulacrum (Tomb:1)
  A tarantella zombie (Crypt:1)
  13 blink frogs
  8 hippogriffs
  3 dream sheep (Shoals:1)
  A fire dragon zombie (Hell)
  A frost giant simulacrum (Hell)
  8 snapping turtles
  29 flying skulls
  An ice dragon zombie (Tar:4)
  A fire giant simulacrum (Hell)
  An alligator zombie (Tar:7)
  10 water elementals
  A fire dragon skeleton (Tar:7)
  2 black mamba zombies
  A tarantella (shapeshifter) (Vaults:4)
  3 ushabtiu (Tomb:1)
  An alligator skeleton (Tar:5)
  2 ice dragon skeletons
  2 ettin skeletons
  8 wyverns
  6 vampires (Crypt:3)
  10 wraiths
  9 shadows
  A golden eye (D:10)
  16 yaks
  4 steam dragons
  3 basilisks
  2 chaos spawn (Gauntlet)
  11 fire elementals
  3 hungry ghosts
  A catoblepas simulacrum (Tar:4)
  3 swamp worms (Gauntlet)
  A torturous demonspawn zombie (Crypt:1)
  2 wargs
  51 nagas
  A spiny frog zombie (Tar:5)
  11 water moccasins
  24 hell hounds
  8 porcupines
  A merfolk skeleton (Tar:4)
  5 ice beasts
  A black bear (D:10)
  An eye of draining (D:13)
  An eye of draining (shapeshifter) (Depths:2)
  32 orc warriors
  2 sky beasts (D:11)
  A swamp dragon zombie (Tar:4)
  10 necrophages
  17 ogres
  A phantom (Tar:5)
  14 centaurs
  A snapping turtle zombie (Tar:6)
  5 wolves (Lair:2)
  3 snapping turtle skeletons
  7 crocodiles
  A crocodile (shapeshifter) (Vaults:5)
  4 big kobolds
  14 bullfrogs
  A spiny frog simulacrum (Crypt:1)
  A cyclops skeleton (Crypt:1)
  An earth elemental (Volcano)
  4 scorpions
  19 wights
  8 killer bees
  2 howler monkeys
  6 crimson imps
  3 lava snakes (Lair:6)
  4 centaur zombies
  3 hounds
  A human zombie (Tar:7)
  2 jellies
  A demonspawn zombie (Crypt:1)
  11 orc priests
  3 bullfrog skeletons
  An iron imp (Hell)
  A human skeleton (Tar:4)
  4 iguanas
  Ijyb (D:4)
  38 orc wizards
  9 worker ants
  6 hell rats (Hell)
  A crocodile zombie (Crypt:2)
  An ogre zombie (Tar:7)
  A naga skeleton (Tar:5)
  A big kobold zombie (Crypt:1)
  3 human simulacra
  7 mummies (Tomb:1)
  8 gnolls
  A gnoll (shapeshifter) (Vaults:5)
  A howler monkey skeleton (D:11)
  11 adders
  8 shadow imps
  A white imp (D:9)
  An ooze (D:5)
  An adder skeleton (D:4)
  A worm (D:3)
  2 dart slugs
  2 leopard geckos
  88 orcs
  6 bats
  6 giant cockroaches
  4 goblins
  8 hobgoblins
  9 jackals
  2 quokkas
  3 ball pythons
  6 frilled lizards
  2 goblin skeletons (D:9)
  2 hobgoblin zombies (D:9)
  10 kobolds
  3 kobold zombies (D:9)
  A leopard gecko zombie (Crypt:1)
  An orc skeleton (Crypt:3)
  2 orc zombies (D:9)
  2 quokka zombies
  7 rats
  A crawling corpse (Vaults:5)
  A fungus (D:2)
  A plant (D:10)
1709 creatures vanquished.

Vanquished Creatures (collateral kills)
  Geryon (Hell)
  A bone dragon (Tar:7)
  2 Tzitzimimeh (Tar:5)
  The ghost of Erghig the Lord of Darkness, an adept DrIE of Kikubaaqudgha (Vaults:2)
  A shadow dragon (Tar:5)
  2 orc warlords (Vaults:2)
  6 reapers
  A soul eater (Hell)
  A sun demon (Hell)
  A titan skeleton (Tar:7)
  3 skeletal warriors
  An orc knight (Vaults:2)
  A stone giant zombie (Tar:4)
  A dire elephant zombie (Tar:5)
  A hellion (Tar:4)
  A tormentor (Tar:5)
  A red devil (Hell)
  A wraith (Tar:6)
  A fire elemental (Hell)
  Menkaure (D:4)
  5 hell hounds
  A necrophage (Tar:5)
  2 killer bees (D:10)
  A wight (D:12)
  An iron imp (Hell)
  A bullfrog skeleton (D:4)
  A centaur skeleton (D:12)
  An ogre skeleton (Tar:7)
  A leopard gecko (D:4)
  4 orcs
  A quokka (D:4)
48 creatures vanquished.

Vanquished Creatures (others)
  13 eldritch tentacles
  A flying skull (Tar:7)
  A wraith (Tar:7)
  A neqoxec (Gauntlet)
  A warg (Vaults:4)
  A naga (Snake:1)
  2 centaurs
  A killer bee (D:10)
  An orc wizard (D:12)
  An iguana (D:4)
  A worker ant (D:4)
  An orc (Orc:2)
  30 demonic plants (Gauntlet)
  A fire vortex (Volcano)
  25 fungi
  5 plants
  16 withered plants (Crypt:3)
102 creatures vanquished.

Grand Total: 1859 creatures vanquished

Notes
Turn   | Place    | Note
-------+----------+-------------------------------------------
     0 | D:1      | Maedhros the Octopode Artificer began the quest for the
                  | Orb.
     0 | D:1      | Reached XP level 1. HP: 13/13 MP: 3/3
    86 | D:1      | Reached XP level 2. HP: 18/18 MP: 4/4
   335 | D:2      | Reached skill level 1 in Unarmed Combat
   335 | D:2      | Reached XP level 3. HP: 18/23 MP: 5/5
   417 | D:3      | Reached XP level 4. HP: 28/28 MP: 6/6
   545 | D:4      | Noticed Blork the orc
   566 | D:4      | Reached XP level 5. HP: 16/33 MP: 7/7
   567 | D:4      | Noticed Menkaure
   575 | D:4      | Killed Menkaure
   576 | D:4      | Found an ornate altar of the Wu Jian Council.
   611 | D:4      | Reached XP level 6. HP: 25/38 MP: 8/8
   620 | D:4      | Reached skill level 5 in Unarmed Combat
   633 | D:4      | regen amulet
   697 | D:4      | Killed Blork the orc
   701 | D:4      | Noticed Ijyb
   705 | D:4      | Killed Ijyb
   711 | D:4      | Found a radiant altar of Vehumet.
   748 | D:4      | Found a shadowy altar of Dithmenos.
   773 | D:5      | Entered Level 5 of the Dungeon
   806 | D:5      | Reached XP level 7. HP: 43/43 MP: 9/9
   993 | D:6      | Found Moutiaw's Jewellery Emporium.
  1014 | D:6      | Found a hazy altar of Hepliaklqana.
  1019 | D:6      | Found a stormy altar of Qazlal.
  1024 | D:6      | Found a blossoming altar of Fedhas.
  1092 | D:6      | Reached XP level 8. HP: 51/51 MP: 10/10
  1107 | D:6      | Noticed Maggie
  1125 | D:6      | Killed Maggie
  1185 | D:6      | Found a staircase to the Ecumenical Temple.
  1190 | Temple   | Entered the Ecumenical Temple
  1211 | Temple   | Became a worshipper of Cheibriados the Contemplative
  1232 | D:6      | chei and regen
  1232 | D:6      | now only statue form
  1772 | D:2      | Found a blossoming altar of Fedhas.
  2095 | D:1      | Reached * piety under Cheibriados
  2266 | D:3      | Found a runed translucent gate.
  2266 | D:3      | Found a runed translucent gate.
  2266 | D:3      | Found a runed translucent gate.
  2267 | D:3      | Noticed fritzmikael's ghost (amateur DDAr)
  2268 | D:3      | Noticed iamserjio's ghost (amateur OpCK)
  2268 | D:3      | Noticed Supaplex's ghost (amateur HuWn)
  2753 | D:7      | Found an opulent altar of Gozag.
  2805 | D:7      | Gained mutation: You are frail. (-10% HP) [potion of
                  | mutation]
  2805 | D:7      | Gained mutation: Potions are less effective at restoring
                  | your health. [potion of mutation]
  2805 | D:7      | Gained mutation: You are agile. (Dex +2) [potion of
                  | mutation]
  2806 | D:7      | Lost mutation: You are agile. (Dex +2) [potion of mutation]
  2806 | D:7      | Lost mutation: You are frail. (-10% HP) [potion of
                  | mutation]
  2806 | D:7      | Gained mutation: You tend to lose your temper in combat.
                  | [potion of mutation]
  2806 | D:7      | Gained mutation: Your magical capacity is low. (-10% MP)
                  | [potion of mutation]
  2806 | D:7      | Gained mutation: Your mind is acute. (Int +2) [potion of
                  | mutation]
  2824 | D:7      | Reached skill level 5 in Dodging
  2840 | D:7      | Reached ** piety under Cheibriados
  2840 | D:7      | Reached XP level 9. HP: 59/59 MP: 10/10
  2871 | D:7      | Reached skill level 5 in Fighting
  3035 | D:8      | Noticed a hornet
  3051 | D:8      | Killed a hornet
  3090 | D:8      | Found a burning altar of Makhleb.
  3409 | D:9      | Found a glowing golden altar of the Shining One.
  3428 | D:9      | Reached *** piety under Cheibriados
  3578 | D:9      | Lost mutation: Your magical capacity is low. (-10% MP)
                  | [potion of mutation]
  3578 | D:9      | Lost mutation: You tend to lose your temper in combat.
                  | [potion of mutation]
  3578 | D:9      | Gained mutation: You expend magic power (3 MP) to
                  | strengthen your wands. [potion of mutation]
  3578 | D:9      | Gained mutation: You are partially covered in iridescent
                  | scales. (AC +2) [potion of mutation]
  3578 | D:9      | Gained mutation: You are resistant to hostile enchantments.
                  | (MR+) [potion of mutation]
  3578 | D:9      | Gained mutation: One of your tentacles bears a spike.
                  | [potion of mutation]
  3616 | D:9      | Reached skill level 1 in Invocations
  3660 | D:10     | Entered Level 10 of the Dungeon
  3684 | D:10     | Reached XP level 10. HP: 66/69 MP: 12/12
  3753 | D:10     | Reached **** piety under Cheibriados
  3818 | D:10     | Found a staircase to the Lair.
  3953 | D:10     | Noticed Urug
  3958 | D:10     | Reached ***** piety under Cheibriados
  4003 | D:10     | Reached skill level 5 in Invocations
  4041 | D:10     | Reached skill level 10 in Unarmed Combat
  4086 | D:10     | Found a roughly hewn altar of Beogh.
  4133 | D:10     | Noticed Fannar
  4176 | D:11     | Noticed a five-headed hydra
  4183 | D:11     | Killed a five-headed hydra
  4217 | D:11     | Reached XP level 11. HP: 66/77 MP: 9/16
  4291 | D:11     | Learned a level 1 spell: Animate Skeleton
  4399 | D:11     | Noticed a white ugly thing
  4405 | D:11     | Killed a white ugly thing
  4411 | D:11     | Got a crude hunting sling
  4560 | D:12     | Found a gate leading to a gauntlet.
  4566 | Gauntlet | Entered a Gauntlet
  4566 | Gauntlet | Found a transporter.
  4577 | Gauntlet | Found a transporter.
  4590 | Gauntlet | Found a transporter.
  4597 | Gauntlet | Found a transporter.
  4604 | Gauntlet | Noticed a wretched star
  4622 | Gauntlet | Found a transporter.
  4631 | Gauntlet | Found a transporter.
  4643 | Gauntlet | Found a transporter.
  4643 | Gauntlet | Noticed a blizzard demon
  4652 | Gauntlet | Noticed a green death
  4655 | Gauntlet | Found a transporter.
  4663 | Gauntlet | Found a large runed translucent door.
  4664 | Gauntlet | Found a large runed translucent door.
  4664 | Gauntlet | Noticed a six-headed hydra
  4665 | Gauntlet | Found a large runed translucent door.
  4665 | Gauntlet | Found a large runed translucent door.
  4666 | Gauntlet | Found a runed translucent gate.
  4667 | Gauntlet | Found a transporter.
  4667 | Gauntlet | Found a runed translucent gate.
  4668 | Gauntlet | Found a runed translucent gate.
  4669 | Gauntlet | Found a large runed translucent door.
  4669 | Gauntlet | Found a large runed translucent door.
  4670 | Gauntlet | Found a large runed translucent door.
  4671 | Gauntlet | Found a large runed translucent door.
  4679 | Gauntlet | Found a transporter.
  4697 | Gauntlet | Found a transporter.
  4710 | Gauntlet | Found a large runed translucent door.
  4711 | Gauntlet | Found a large runed translucent door.
  4712 | Gauntlet | Found a large runed translucent door.
  4712 | Gauntlet | Found a large runed translucent door.
  4713 | Gauntlet | Found a runed translucent door.
  4714 | Gauntlet | Found a transporter.
  4715 | Gauntlet | Found a runed translucent door.
  4716 | Gauntlet | Found a large runed translucent door.
  4716 | Gauntlet | Found a large runed translucent door.
  4716 | Gauntlet | Found a transporter.
  4717 | Gauntlet | Found a large runed translucent door.
  4718 | Gauntlet | Found a large runed translucent door.
  4756 | Gauntlet | Found a transporter.
  4758 | Gauntlet | Found a transporter.
  4760 | Gauntlet | Found a transporter.
  4797 | Gauntlet | Found a transporter.
  4822 | Gauntlet | Identified the +9 hunting sling "Ommy" {freeze, rElec rPois
                  | rF+ MR++} (You found it on level 11 of the Dungeon)
  4879 | Gauntlet | Got a transparent jade ring
  4880 | Gauntlet | Found a transporter.
  4919 | Gauntlet | Got a bound glass ring
  4922 | Gauntlet | Identified the ring "Uthududo" {rPois rF+++ rC++ Int-4
                  | Stlth+} (You found it in a Gauntlet)
  4923 | Gauntlet | Identified the ring of Ydoiv {rPois rN+ MR+ Int+2} (You
                  | found it in a Gauntlet)
  4924 | Gauntlet | rpois rf+++ rc++ int-4 stilth+ ring. wtf xd
  4996 | Gauntlet | Killed a green death
  5010 | Gauntlet | Got a wavering copper ring
  5011 | Gauntlet | Identified the ring "Wies" {rElec MR+ Int+2 Dex+6 Stlth+}
                  | (You found it in a Gauntlet)
  5012 | Gauntlet | 3 art rings in labirynth. rrf+++ rc++ mr++ rpois relec +6
                  | dex +2stlth total with all minuses appleid
  5012 | Gauntlet | now i can skip elves and lair 5/6 i just need statue form
  5068 | Gauntlet | Noticed a minotaur
  5072 | Gauntlet | Killed a minotaur
  5124 | D:12     | Upgraded the game from 0.26-a0-34-g9e0bf03589 to
                  | 0.26-a0-36-g11e0b32562
  5158 | D:12     | Noticed a deep elf mage
  5168 | D:12     | Killed a deep elf mage
  5168 | D:12     | Reached skill level 10 in Dodging
  5169 | D:12     | Noticed a two-headed ogre
  5173 | D:12     | Killed an unseen horror
  5173 | D:12     | Reached skill level 10 in Fighting
  5175 | D:12     | Reached XP level 12. HP: 86/87 MP: 11/17
  5177 | D:12     | Killed a two-headed ogre
  5192 | D:12     | Noticed a two-headed ogre
  5204 | D:12     | Killed a two-headed ogre
  5273 | D:12     | Got a crude whip
  5433 | D:12     | Noticed a tengu warrior
  5447 | D:12     | Killed a tengu warrior
  5926 | D:13     | Noticed Sonja
  5934 | D:13     | Killed Sonja
  5943 | D:13     | Reached skill level 1 in Shields
  6053 | D:14     | Reached XP level 13. HP: 74/95 MP: 16/18
  6173 | D:15     | Entered Level 15 of the Dungeon
  6193 | D:15     | Found a shattered altar of Ashenzari.
  6227 | D:15     | Found a staircase to the Depths.
  6227 | D:15     | Noticed a dire elephant
  6305 | D:15     | Found Wapuunut's Antique Weapon Emporium.
  6479 | D:14     | Reached skill level 5 in Shields
  6495 | D:14     | Noticed a fire dragon
  6508 | D:14     | Killed a fire dragon
  6696 | D:10     | Noticed Erica
  6708 | D:10     | Killed Erica
  6718 | D:10     | Noticed Joseph
  6726 | D:10     | Killed Joseph
  6749 | D:10     | Killed Fannar
  6977 | D:10     | Killed Urug
  7005 | D:10     | Found a staircase to the Orcish Mines.
  7020 | Orc:1    | Entered Level 1 of the Orcish Mines
  7040 | Orc:2    | Entered Level 2 of the Orcish Mines
  7041 | Orc:2    | Noticed an ettin
  7051 | Orc:2    | Killed an ettin
  7122 | Orc:1    | Found a roughly hewn altar of Beogh.
  7283 | Orc:1    | Noticed Harold
  7302 | Orc:1    | Killed Harold
  7378 | Orc:1    | Found a dark tunnel.
  7386 | Volcano  | Entered a volcano
  7639 | Orc:2    | Reached XP level 14. HP: 90/101 MP: 19/19
  7740 | Orc:2    | Noticed Erolcha
  7752 | Orc:2    | Killed Erolcha
  7753 | Orc:2    | Found an ancient bone altar of Kikubaaqudgha.
  7774 | Orc:2    | Found Odanisax's Magic Scroll Shoppe.
  7789 | Orc:2    | Found a radiant altar of Vehumet.
  7821 | Orc:2    | Found Tiesm's Book Emporium.
  7828 | Orc:2    | Bought a book of Transfigurations for 660 gold pieces
  7835 | Orc:2    | Learned a level 6 spell: Statue Form
  7861 | Orc:2    | Found a roughly hewn altar of Beogh.
  7861 | Orc:2    | Found Pukk's Antique Armour Shoppe.
  7870 | Orc:2    | Found Wuoh's Distillery.
  7904 | Orc:2    | statue form
  7904 | Orc:2    | 7900
  7917 | Orc:2    | Bought a potion of heal wounds for 75 gold pieces
  7917 | Orc:2    | Bought 3 potions of heal wounds for 225 gold pieces
  7917 | Orc:2    | Bought a potion of magic for 120 gold pieces
  7934 | Orc:2    | Bought a scroll of blinking for 105 gold pieces
  7934 | Orc:2    | Bought a scroll of blinking for 105 gold pieces
  8067 | Lair:1   | Entered Level 1 of the Lair of Beasts
  8073 | Lair:1   | Reached skill level 1 in Transmutations
  8073 | Lair:1   | Reached skill level 1 in Earth Magic
  8127 | Lair:2   | Reached skill level 1 in Spellcasting
  8160 | Lair:2   | Noticed Nergalle
  8199 | Lair:2   | Killed Nergalle
  8285 | Lair:2   | Found a staircase to the Snake Pit.
  8297 | Snake:1  | Entered Level 1 of the Snake Pit
  8322 | Snake:1  | Found Sal Cuco's Armour Boutique.
  8669 | Snake:1  | Reached skill level 10 in Shields
  8791 | Snake:2  | Reached skill level 5 in Transmutations
  8791 | Snake:2  | Reached skill level 5 in Earth Magic
  8933 | Lair:2   | Reached XP level 15. HP: 107/107 MP: 20/20
  9064 | Lair:2   | Found a sacrificial altar of Ru.
  9298 | Lair:3   | Found a staircase to the Shoals.
  9691 | Lair:5   | Learned a level 5 spell: Irradiate
  9705 | Lair:6   | Entered Level 6 of the Lair of Beasts
 10008 | Lair:6   | Reached ****** piety under Cheibriados
 10055 | Lair:6   | Found a large runed translucent door.
 10074 | Lair:6   | Found a large runed translucent door.
 10079 | Lair:6   | Reached skill level 5 in Spellcasting
 10584 | Snake:2  | Noticed Saint Roka
 10622 | Snake:2  | Noticed a nagaraja
 10629 | Snake:2  | Killed a nagaraja
 10643 | Snake:2  | Killed Saint Roka
 10643 | Snake:2  | Reached XP level 16. HP: 94/113 MP: 7/24
 10856 | Snake:3  | Reached skill level 10 in Earth Magic
 10859 | Snake:3  | Reached skill level 10 in Transmutations
 10863 | Snake:3  | Noticed a nagaraja
 10872 | Snake:3  | Killed a nagaraja
 10878 | Snake:3  | Noticed a nagaraja
 10909 | Snake:3  | Killed a nagaraja
 10929 | Snake:3  | Identified a scroll of acquirement
 10953 | Snake:4  | Entered Level 4 of the Snake Pit
 11079 | Snake:4  | Noticed a nagaraja
 11088 | Snake:4  | Killed a nagaraja
 11091 | Snake:4  | Reached XP level 17. HP: 79/117 MP: 9/28
 11216 | Snake:4  | Got a serpentine rune of Zot
 11464 | Shoals:1 | Entered Level 1 of the Shoals
 11683 | Shoals:3 | Noticed Ilsuiw
 11727 | Shoals:3 | Noticed Aizul
 11746 | Shoals:3 | Killed Aizul
 11899 | Shoals:4 | Entered Level 4 of the Shoals
 11919 | Shoals:4 | Reached XP level 18. HP: 124/124 MP: 30/30
 11963 | Shoals:4 | Reached skill level 15 in Unarmed Combat
 12050 | Shoals:4 | Learned a level 7 spell: Malign Gateway
 12058 | Shoals:4 | Learned a level 7 spell: Monstrous Menagerie
 12089 | Shoals:4 | Got a barnacled rune of Zot
 12170 | Shoals:1 | Identified Roxanne's Grimoire of Transformation
 12170 | Shoals:1 | Noticed Roxanne
 12176 | Shoals:1 | Reached skill level 1 in Summonings
 12179 | Shoals:1 | Reached skill level 1 in Translocations
 12341 | D:12     | Noticed Azrael
 12523 | D:14     | Noticed Frances
 12533 | D:14     | Killed Frances
 12647 | D:14     | Reached skill level 2 in Summonings
 12670 | D:14     | Found a gate to the Vaults.
 12679 | D:14     | Reached skill level 3 in Summonings
 12684 | Vaults:1 | Entered Level 1 of the Vaults
 12806 | Vaults:1 | Reached skill level 4 in Summonings
 12926 | Vaults:3 | Reached skill level 5 in Summonings
 12974 | Vaults:3 | Reached skill level 5 in Translocations
 13120 | Vaults:3 | Reached XP level 19. HP: 132/132 MP: 31/31
 13143 | Vaults:3 | Reached skill level 6 in Summonings
 13259 | Vaults:3 | Noticed a bone dragon
 13277 | Vaults:3 | Killed a bone dragon
 13279 | Vaults:3 | Reached skill level 7 in Summonings
 13296 | Vaults:3 | Found a staircase to the Crypt.
 13304 | Crypt:1  | Entered Level 1 of the Crypt
 13604 | Crypt:2  | Reached skill level 8 in Summonings
 13643 | Crypt:2  | You fall into a shaft and drop 1 floor!
 13643 | Crypt:3  | Entered Level 3 of the Crypt
 13649 | Crypt:3  | Noticed a bone dragon
 13661 | Crypt:3  | Killed a bone dragon
 13888 | Crypt:3  | Reached skill level 9 in Summonings
 13906 | Crypt:3  | Reached XP level 20. HP: 55/140 MP: 21/32
 13968 | Crypt:3  | Found a staircase to the Tomb.
 14004 | Crypt:3  | Got a glittering brass ring
 14004 | Crypt:3  | Got a bound amber ring
 14005 | Crypt:3  | Identified the ring "Geunosmien" {rN+ Slay+2} (You found it
                  | on level 3 of the Crypt)
 14007 | Crypt:3  | Identified the ring "Cadefi" {rN+ Slay+3 Stlth+} (You found
                  | it on level 3 of the Crypt)
 14008 | Crypt:3  | lol. lol.
 14008 | Crypt:3  | crypt 3 rings: 2rn and 5slay
 14018 | Crypt:3  | Noticed an ancient lich
 14022 | Crypt:3  | Killed an ancient lich
 14050 | Tomb:1   | Entered Level 1 of the Tomb of the Ancients
 14165 | Tomb:1   | Reached skill level 10 in Summonings
 14165 | Tomb:1   | Reached skill level 10 in Translocations
 14333 | Tomb:1   | Noticed Frederick
 14340 | Tomb:1   | Killed Frederick
 14390 | Tomb:1   | Reached skill level 11 in Summonings
 15249 | Vaults:4 | Reached XP level 21. HP: 146/146 MP: 27/33
 15289 | Vaults:4 | Noticed Xtahua
 15296 | Vaults:4 | Killed Xtahua
 15306 | Vaults:4 | Reached skill level 12 in Summonings
 15978 | Vaults:5 | Entered Level 5 of the Vaults
 15998 | Vaults:5 | Noticed a golden dragon
 16007 | Vaults:5 | Killed a golden dragon
 16012 | Vaults:5 | Identified the amulet of Luwk {Acrobat Stlth+}
 16016 | Vaults:5 | Reached skill level 13 in Summonings
 16043 | Vaults:5 | Identified the ring "Teef" {*Slow rN+ MR++ Str+5}
 16086 | Vaults:5 | Reached XP level 22. HP: 77/153 MP: 21/34
 16087 | Vaults:5 | Identified the +8 dagger "Neragum" {vorpal, +Fly rF+++
                  | Dex-5}
 16212 | Vaults:5 | Reached skill level 14 in Summonings
 16218 | Vaults:5 | Learned a level 1 spell: Apportation
 16283 | Vaults:5 | Identified the amulet "Edwown" {Spirit +Fly rPois MP+9
                  | SInv}
 16609 | Vaults:5 | Got a silver rune of Zot
 16725 | Vaults:3 | Reached skill level 15 in Summonings
 16808 | Vaults:2 | Found a runed translucent gate.
 16808 | Vaults:2 | Found a runed translucent gate.
 16808 | Vaults:2 | Found a runed translucent gate.
 16808 | Vaults:2 | Noticed Erghig's ghost (adept DrIE)
 16809 | Vaults:2 | Identified the +10 scimitar "Fite" {vorpal, rPois Dex-2
                  | SInv Stlth+}
 16809 | Vaults:2 | Identified the +6 chain mail of the Cuttlefish {rPois Str+2
                  | SInv Stlth+}
 16810 | Vaults:2 | Identified the +2 executioner's axe of Purpose {protect,
                  | +Rage rF+ Str+4}
 16811 | Vaults:2 | Found a roughly hewn altar of Beogh.
 16827 | Vaults:2 | Killed Erghig's ghost
 16997 | Vaults:1 | Found Mud Jyac's Gadget Shoppe.
 17005 | Vaults:1 | Bought a wand of acid (7) for 242 gold pieces
 17156 | Depths:1 | Entered Level 1 of the Depths
 17169 | Depths:1 | Learned a level 6 spell: Darkness
 17173 | Depths:1 | Learned a level 3 spell: Lesser Beckoning
 17264 | Depths:1 | Found a runed translucent door.
 17333 | Depths:2 | Found Kadgh's Book Shoppe.
 17338 | Depths:2 | Bought a book of the Warp for 1260 gold pieces
 17338 | Depths:2 | Bought a book of Callings for 420 gold pieces
 17338 | Depths:2 | Bought a book of the Tempests for 980 gold pieces
 17384 | Depths:2 | Reached skill level 15 in Shields
 17384 | Depths:2 | Reached XP level 23. HP: 158/158 MP: 29/35
 17432 | Depths:2 | Found a gateway to Hell.
 17438 | Depths:2 | Reached skill level 16 in Summonings
 17467 | Hell     | Entered the Vestibule of Hell
 17467 | Hell     | Noticed Geryon
 17489 | Hell     | Killed Geryon
 17492 | Hell     | Reached skill level 10 in Spellcasting
 17602 | Hell     | Found a gateway to the decaying netherworld of Tartarus.
 17612 | Tar:1    | Entered Level 1 of Tartarus
 17612 | Tar:1    | Found a gateway to Hell.
 17617 | Tar:2    | Found a gateway to Hell.
 17620 | Tar:3    | Found a gateway to Hell.
 17632 | Tar:3    | Found a gateway to Hell.
 17635 | Tar:3    | Found a gateway to Hell.
 17657 | Tar:4    | Found a gateway to Hell.
 17694 | Tar:4    | Found a gateway to Hell.
 17736 | Tar:4    | Reached skill level 17 in Summonings
 17956 | Tar:5    | Found a gateway to Hell.
 17991 | Tar:5    | Reached XP level 24. HP: 96/163 MP: 35/39
 18075 | Tar:5    | Found a gateway to Hell.
 18078 | Tar:5    | Reached skill level 18 in Summonings
 18160 | Tar:5    | Learned a level 8 spell: Controlled Blink
 18165 | Tar:5    | Learned a level 4 spell: Summon Lightning Spire
 18475 | Tar:6    | Found a gateway to Hell.
 18524 | Tar:6    | Found a gateway to Hell.
 18532 | Tar:6    | Reached skill level 19 in Summonings
 18539 | Tar:7    | Entered Level 7 of Tartarus
 18539 | Tar:7    | Found a gateway to Hell.
 18716 | Tar:7    | Reached XP level 25. HP: 169/169 MP: 41/41
 18763 | Tar:7    | Identified Sif Muna's Volume of the Birds and Protection
 18845 | Tar:7    | Learned a level 4 spell: Leda's Liquefaction
 18998 | Tar:7    | Noticed Ereshkigal
 19007 | Tar:7    | Killed Ereshkigal
 19016 | Tar:7    | Found the +12 Vampire's Tooth {vamp}
 19022 | Tar:7    | Identified the ring "Ryginap" {*Tele rC+} (You found it on
                  | level 7 of Tartarus)
 19026 | Tar:7    | Got a bone rune of Zot
 19029 | Tar:7    | Found a gateway to Hell.
 19075 | Hell     | Found a gateway to the ashen valley of Gehenna.
 19082 | Hell     | HP: 8/222 [hellion/damnation (31)]
 19082 | Hell     | Killed from afar by a hellion

Illustrated notes **,,,,...?.......<.#### *#..............#####. #.................#.. #####....##.............. #........##............## #.....................### #.......##........##..... ***#..)##.......#####.... **#..@.....###**.,.... #........##*,..,,.., ##))......##...*,,,, ##......##.....#*,,,, *#.......##......**,,, #...##...........,,,,, **#..(,###.........,,,,* *.....,**#.........*,,** ##....,**..........,,,** Turn 633 on D:4: regen amulet ##...####..........##....#######. #..## ##.......#.##.....[# #. ##.##### #######.#####.###.# #. #..# #.. #.# #.# .# #. #.####.# #.# #.# # ## .......##### ###.### #.# ..###..#...# ###+### #.. .........#.####⌠.⌠####.# .####..###....'.@.#....# .# #..# ######⌠.⌠###### # .####..##### ###+### ## ...........# ###.### #. ############ .# ## .# # .# .# # ### Turn 1232 on D:6: chei and regen ################### .................≈# ..................### ####.###########..#8# ...#.#.........#..### ##.#.#...###...#....# .#.#.#....#....#....### #..#.#.#..#..#.###..#8# ...#.#.######.©#@#..### #..#.#.#.©#..#[#.#..# .#.#.#....#....#.#..### ### ### ##.#.#...###...#.#..#8# #8# #8# ...#.#.........#.#..############# ################.#..............# ........©#≈≈8≈≈#.#..............# ################.#############... §≈≈#©...........©...........©#... Turn 4924 on Gauntlet: rpois rf+++ rc++ int-4 stilth+ ring. wtf xd

##.....5.##.#..#......#.#..+.©.+.
.#.....#.#.#...#.....#.#..+...+.
...#..#.#...#....##.#++#+#+#+
#...#©#..2#.#...©#.##.#.#..+...+.
#....#...5#.#...###...#.#..+...+.
#...#.#...#.#.##.#....#.#++#...#+
#..#...#..#.##....#...#.#..#+++#.
#.#.....#4#.#.....#...#.#.D..w...
##.).©![.##.#$..@©.#.(#.#..=?©.!.
###########.###########.#########
.................................
..........§∩≈....................
#################################
8##§...............≈##8# #8# #8#
###8..©.©.©.©.©.©..8#### ### ###
#≈...............≈#
#####.###.###.#####


Turn 5012 on Gauntlet: 3 art rings in labirynth. rrf+++ rc++ mr++ rpois relec +6
dex +2stlth total with all minuses appleid #...# ##≈≈.....≈≈##
....###§≈.§.8...≈≈## ....##≈§.8.≈.≈.8.§≈# ...# #≈§..§§.§≈..§≈# #..
##§§.≈≈§..≈≈..≈## ...##∩.§8).._...8..∩# ...###≈.§≈≈...≈≈§.§## ####
#≈.§.≈≈.§≈..§≈# ######≈..8.≈≈§.8@§§##### ##≈§≈##....)8§(...##≈§≈#
≈§...##.........##...≈ ## ≈###8..##...))..##..8###≈##
≈#_.....###'''###....._#≈≈# .#...........§.........#.≈#
.8............§........8.≈# ........)≈≈§§§≈§.....)...#
#.)..)...≈#####≈§..[....### Turn 7904 on Orc:2: statue form ################
###### #.....#.....#... #..'.. #.#.#.'.....'... #..'.. #..>..'.....# #..#..
#.#.#.#.....# #..#.. #.....###'### #..#.. #.....#.....# #..#.. #.....#[/...#
#..#.. #.....#@(...# ##..#.. #.....#)}$..# ##...#.. #''##############...##..
#..............)...##... #)................##...# ###################...##
....................##. ..................##.. #######''###########... Turn
14008 on Crypt:3: lol. lol.

Levels and vault maps discovered:
D:1:      nagdon_arrival_zigzag_paths, layout_basic, minmay_close_crescents
D:2:      layout_basic, fedhas_altar_3
D:3:      layout_loops_ring, gammafunk_ghost_cemetery
D:4:      layout_cave_pools, old_standard_altar, lemuel_crystal_altar,
          nicolae_dithmenos_shadow_blocks, uniq_ijyb, uniq_menkaure,
          uniq_blork_the_orc
D:5:      layout_loops_cross, first_ration
D:6:      layout_loops_corners, minmay_overflow_temple_star_quad,
          temple_doors_e, serial_shops, nicolae_shop_crystal, uniq_maggie
D:7:      layout_rooms, grunt_gozag_breadcrumbs, okawaru_altar_gauntlet_db
D:8:      layout_loops_corners, kennysheep_little_box
D:9:      layout_long_grid, nicolae_tso_besieged_by_evil
D:10:     layout_roguey [special_room_orc], grunt_lair_entry_orc_guard_hut,
          david_orc_4, uniq_fannar, uniq_urug, uniq_erica, uniq_joseph
D:11:     layout_roguey
D:12:     layout_cross, gauntlet_entry_generic, grunt_tengu_nest, uniq_azrael
D:13:     layout_rooms, kennysheep_another_room, kennysheep_pointless_box,
          bh_circular_ruins, uniq_sonja
D:14:     layout_basic, erik_vaults_2, serial_park_square3
          [serial_park_minivault_5x5_1], uniq_frances
D:15:     hangedman_depths_entry_try_elsewhere_first, layout_gridville,
          serial_shops, shop, evilmike_ruin_ashenzari, uniq_louise
Temple:   minmay_temple_bridge_abc
Lair:1:   layout_roguey, gammafunk_ghost_hydra_chop, minmay_hedge_maze,
          zaba_anthole
Lair:2:   layout_chaotic_city, minmay_snake_entry_guardpost_medium, basic_altar,
          grunt_megastairs_2, infiniplex_staircase_pool, serial_bayou_shore_b,
          uniq_nergalle
Lair:3:   layout_roguey, minmay_shoals_entry_hut, grunt_megastairs_3,
          serial_bayou_shore_b
Lair:4:   cheibrodos_lair_overgrown_chateau, layout_long_grid
Lair:5:   layout_regular_city, serial_bayou, serial_bayou_pond_d,
          serial_bayou_lake_a, serial_bayou_lagoon_a, serial_bayou_crossing
Lair:6:   cheibrodos_lair_end_hotspot, layout_loops_ring,
          minmay_slime_entry_oklob_open, chequers_serial_rivers_room_a
Shoals:1: layout_shoals, uniq_roxanne
Shoals:2: layout_shoals
Shoals:3: cheibrodos_shoals_oceanic_diplomacy, layout_shoals, uniq_aizul,
          uniq_ilsuiw
Shoals:4: shoals_end_grunt_ice, layout_shoals
Snake:1:  layout_rooms, serial_shops, nicolae_shop_waterfront
Snake:2:  layout_misc_corridors, drop_trap, uniq_asterion, uniq_saint_roka
Snake:3:  layout_cave_shapes, serial_shops, bzr_entry_customers
Snake:4:  grunt_snake_rune_serpentine_throne, layout_cave_town, serial_shops,
          nicolae_shop_competitors_out_of_business, basic_altar,
          hangedman_snake_thin_pillar_pass
Orc:1:    layout_diamond_mine, lightli_volcano_entry_magma_tube, basic_altar,
          uniq_harold
Orc:2:    kennysheep_orc_mage_school, layout_caves
Vaults:1: nicolae_vaults_ring_of_whatevers, nicolae_vaults_three_branches,
          nicolae_vaults_ninety_degrees, nicolae_vaults_diagonal_hallway_7,
          ontoclasm_vaults_ring_square, v_rooms_4, grunt_vaults_hallway_short,
          nicolae_vaults_little_squares_4, layout_vaults_big_room, serial_shops,
          shop
Vaults:2: biasface_vaults_ghost_orc_armoury, nicolae_vaults_disjoint_gnomons,
          nicolae_vaults_disjoint_gnomons, hangedman_vaults_cutoff, v_rooms_4,
          v_alt_pattern_1, v_misc_5, v_misc_26, v_misc_14, v_alt_pattern_1,
          sword_in_stone, ontoclasm_vaults_twist, layout_vaults_ring
Vaults:3: minmay_crypt_entry_nasty_monster, vaults_room_stairs_pillars,
          nicolae_vaults_fighting_squares, grunt_vaults_swirl,
          vaults_room_corners, grunt_vaults_hallway_short,
          nicolae_vaults_little_squares_6, nicolae_vaults_sealed_display,
          nicolae_vaults_little_squares_4, layout_vaults_quadrants
Vaults:4: v_rooms_1, v_misc_3, v_pattern_1, vaults_mumra_lcd,
          ontoclasm_vaults_chip, ontoclasm_vaults_hangar,
          nicolae_vaults_little_squares_3, vaults_dpeg_diagonal,
          vaults_room_octagon, grunt_vaults_twisty, hangedman_vaults_cutoff,
          nicolae_vaults_circle_grid_a, nicolae_vaults_ring_of_whatevers,
          st_cells, nicolae_vaults_little_squares_6, vaults_room_hallway,
          layout_vaults_omnicross, uniq_xtahua
Vaults:5
Crypt:1:  layout_misc_corridors
Crypt:2:  layout_chaotic_city
Crypt:3:  quadcrypt_mu
Tomb:1:   uniq_frederick
Depths:1: layout_roguey, kennysheep_donut, hangedman_abyss_entry_splay,
          pf_coc_iceberg, minmay_crystal_box, uniq_mara
Depths:2: minmay_skeletal_surprise, layout_cave_pools, serial_shops, shop,
          hangedman_abyss_or_decor_passed, hell_entry
Hell
Tar:1:    layout_catacombs
Tar:2:    layout_catacombs
Tar:3:    layout_grid_maze
Tar:4:    layout_cathedral_of_symmetry, nicolae_tar_cuneiform_not
Tar:5:    layout_grid_maze
Tar:6:    layout_grid_maze, hangedman_snap_crack_crunch
Tar:7:    tar_minmay_river

Skill      XL: |  1  2  3  4  5  6  7  8  9 10 11 12 13 14 15 16 17 18 19 20 21 22 23 24 |
---------------+-------------------------------------------------------------------------+-----
Stealth        | 2 4 |  4.0
Unarmed Combat | 1 2 3 4 6 7 8 9 10 11 13 14 15 | 15.2
Fighting       | 2 4 6 7 10 11 12 13 | 13.7
Dodging        | 3 5 6 8 10 11 12 | 12.3
Invocations    | 2 6 7 |  7.0
Shields        | 3 8 10 11 12 13 15 | 15.0
Transmutations | 5 9 11 13 | 13.0
Earth Magic    | 5 9 11 13 | 13.0
Spellcasting   | 3 5 7 8 12 14 | 14.8
Summonings     | 5 9 11 13 15 17 19 | 19.7
Translocations | 5 9 11 13 14 | 14.7
Short Blades   | |  1.0
Evocations     | |  3.2

Action                   |  1- 3 |  4- 6 |  7- 9 | 10-12 | 13-15 | 16-18 | 19-21 | 22-24 | 25-27 || total
-------------------------+-------+-------+-------+-------+-------+-------+-------+-------+-------++-------
Melee: Short sword       |    39 |    36 |     3 |       |       |       |       |       |       ||    78
       Constrict         |    15 |    12 |    58 |    73 |   135 |    91 |   113 |   154 |    13 ||   664
       Tentacles         |     6 |    10 |    56 |   140 |   341 |   194 |   228 |   264 |    28 ||  1267
       Unarmed           |       |       |   244 |   348 |   835 |   593 |   640 |   752 |   101 ||  3513
       Punch             |       |       |    23 |    44 |   167 |    94 |   150 |   166 |    18 ||   662
       Kick              |       |       |    12 |   227 |   569 |   317 |   411 |   464 |    54 ||  2054
       Staff             |       |       |       |       |       |       |       |     1 |       ||     1
Throw: Dart              |       |       |     9 |     5 |     5 |       |       |       |       ||    19
 Cast: Animate Skeleton  |       |       |       |     3 |     1 |       |       |       |       ||     4
       Statue Form       |       |       |       |       |     2 |    35 |    44 |    40 |     7 ||   128
       Apportation       |       |       |       |       |       |       |       |     9 |       ||     9
       Malign Gateway    |       |       |       |       |       |       |       |    11 |     3 ||    14
       Monstrous Menager |       |       |       |       |       |       |       |     2 |     2 ||     4
       Lesser Beckoning  |       |       |       |       |       |       |       |     1 |     2 ||     3
Invok: Slouch            |       |       |       |     7 |    10 |    14 |     8 |     7 |       ||    46
       Step From Time    |       |       |       |       |     2 |       |       |       |       ||     2
       Temporal Distorti |       |       |       |       |     1 |       |       |       |       ||     1
Evoke: Wand              |     1 |    13 |    27 |    24 |    13 |     6 |     1 |       |       ||    85
  Use: Potion            |       |     1 |     3 |     3 |     3 |       |     1 |       |     1 ||    12
       Scroll            |       |     3 |     3 |     5 |    19 |    12 |     3 |     4 |     3 ||    52
 Stab: Sleeping          |     2 |     2 |    21 |    15 |    21 |     7 |     9 |     7 |     1 ||    85
       Paralysed         |       |     2 |     3 |       |       |       |       |     1 |       ||     6
       Distracted        |       |       |     2 |       |     2 |     1 |     6 |     5 |     3 ||    19
       Confused          |       |       |     1 |       |       |       |       |       |       ||     1
  Eat: Chunk             |       |       |     7 |     3 |     9 |    11 |     7 |    10 |       ||    47
       Ration            |       |       |       |     1 |     1 |     3 |     4 |     4 |       ||    13
Armor: Skin              |     1 |     1 |     4 |    21 |    31 |   189 |   186 |   178 |     3 ||   614
Dodge: Dodged            |    24 |    21 |   171 |   275 |   504 |   930 |   779 |   834 |    38 ||  3576
Block: Kite shield       |       |       |       |    21 |   643 |  1118 |   949 |  1123 |    88 ||  3942

Table legend:
 A = Non-vault XP
 B = Vault XP
 C = Vault XP percentage of total XP
 D = Non-vault monster count
 E = Vault monster count
 F = Vault count percentage of total count
                 A         B        C        D         E       F
            +---------+---------+-------+---------+---------+-------
      Total |  532124 |  493759 |  48.1 |    1094 |     661 |  37.7
            +---------+---------+-------+---------+---------+-------
        D:1 |      29 |       5 |  14.7 |      17 |       4 |  19.0
        D:2 |      30 |       0 |   0.0 |      11 |       0 |   0.0
        D:3 |     141 |       0 |   0.0 |      19 |       0 |   0.0
        D:4 |     308 |     283 |  47.9 |      17 |       3 |  15.0
        D:5 |     455 |       0 |   0.0 |      13 |       0 |   0.0
        D:6 |     400 |     428 |  51.7 |      11 |       1 |   8.3
        D:7 |     703 |       0 |   0.0 |      12 |       0 |   0.0
        D:8 |     837 |       0 |   0.0 |      14 |       0 |   0.0
        D:9 |     959 |      19 |   1.9 |      16 |      10 |  38.5
       D:10 |    2161 |    5407 |  71.4 |      37 |      53 |  58.9
       D:11 |    3079 |       0 |   0.0 |      20 |       0 |   0.0
       D:12 |    7541 |    2352 |  23.8 |      40 |       9 |  18.4
       D:13 |    3950 |     850 |  17.7 |      10 |       3 |  23.1
       D:14 |   10817 |   11403 |  51.3 |      33 |      14 |  29.8
       D:15 |    4095 |    2778 |  40.4 |      10 |       3 |  23.1
     Lair:1 |     361 |       0 |   0.0 |       1 |       0 |   0.0
     Lair:2 |    5721 |    2144 |  27.3 |      24 |       9 |  27.3
     Lair:3 |    2928 |     395 |  11.9 |      11 |       2 |  15.4
     Lair:4 |    3897 |    4893 |  55.7 |      15 |      15 |  50.0
     Lair:5 |    1236 |       0 |   0.0 |       2 |       0 |   0.0
     Lair:6 |    9568 |    8751 |  47.8 |      32 |      29 |  47.5
   Shoals:1 |    5189 |       0 |   0.0 |      12 |       0 |   0.0
   Shoals:2 |    6916 |       0 |   0.0 |      18 |       0 |   0.0
   Shoals:3 |    7566 |    9442 |  55.5 |      15 |      14 |  48.3
   Shoals:4 |    6166 |   14312 |  69.9 |      11 |      22 |  66.7
    Snake:1 |   12662 |       0 |   0.0 |      24 |       0 |   0.0
    Snake:2 |   14125 |    6315 |  30.9 |      24 |      15 |  38.5
    Snake:3 |   29779 |       2 |   0.0 |      55 |       1 |   1.8
    Snake:4 |    4412 |   46050 |  91.3 |      14 |      63 |  81.8
      Orc:1 |    2889 |     997 |  25.7 |      17 |       1 |   5.6
      Orc:2 |    2680 |    7341 |  73.3 |      22 |      33 |  60.0
   Vaults:1 |   20571 |     277 |   1.3 |      32 |       1 |   3.0
   Vaults:2 |    2722 |   21508 |  88.8 |       5 |      28 |  84.8
   Vaults:3 |   19944 |   24433 |  55.1 |      40 |      21 |  34.4
   Vaults:4 |   21981 |   34234 |  60.9 |      36 |      47 |  56.6
   Vaults:5 |   24160 |   99016 |  80.4 |      31 |      76 |  71.0
    Crypt:1 |   23003 |       0 |   0.0 |      37 |       0 |   0.0
    Crypt:2 |    4057 |       0 |   0.0 |       5 |       0 |   0.0
    Crypt:3 |       0 |   57692 | 100.0 |       0 |      64 | 100.0
     Tomb:1 |    9079 |   43369 |  82.7 |      16 |      32 |  66.7
   Depths:1 |    8141 |    5096 |  38.5 |       9 |       5 |  35.7
   Depths:2 |   21563 |       0 |   0.0 |      21 |       0 |   0.0
       Hell |   26684 |   30517 |  53.4 |      45 |      37 |  45.1
      Tar:3 |     361 |       0 |   0.0 |       1 |       0 |   0.0
      Tar:4 |   35006 |       0 |   0.0 |      50 |       0 |   0.0
      Tar:5 |  110082 |       0 |   0.0 |     119 |       0 |   0.0
      Tar:6 |    9056 |       0 |   0.0 |      12 |       0 |   0.0
      Tar:7 |   44114 |   45290 |  50.7 |      58 |      25 |  30.1
    Volcano |       0 |    4156 | 100.0 |       0 |      12 | 100.0
   Gauntlet |       0 |    4004 | 100.0 |       0 |       9 | 100.0
            +---------+---------+-------+---------+---------+-------
